 Dungeon Crawl Stone Soup version 0.28.0-43-g3370ac3207 (webtiles) character file.

Game seed: 4753057676744675711

36671 Peloso the Protected (level 13, -1/117 HPs)
             Began as a Minotaur Fighter on Mar 21, 2022.
             Was a High Priest of Okawaru.
             Slain by a wolf (6 damage)
             ... on level 5 of the Lair of Beasts.
             The game lasted 00:43:01 (20686 turns).

Peloso the Protected (Minotaur Fighter)            Turns: 20686, Time: 00:43:03

Health: -1/117     AC: 24    Str: 24    XL:     13   Next: 54%
Magic:  13/13      EV:  8    Int:  5    God:    Okawaru [*****.]
Gold:   1182       SH: 12    Dex: 18    Spells: 12/12 levels left

rFire   . . .      SeeInvis .   a - +3 scimitar (flame)
rCold   + + .      Faith    .   c - +0 kite shield
rNeg    . . .      Spirit   .   E - +2 plate armour {rC+}
rPois   .          Reflect  .   Q - +2 hat
rElec   .          Harm     .   (no cloak)
rCorr   .          Rampage  .   (no gloves)
Will    .....                   t - +2 pair of boots
Stlth   ..........              L - amulet of regeneration
HPRegen 1.09/turn               C - +6 ring of dexterity
MPRegen 0.13/turn               n - ring of protection from cold

@: slowed, very slow
A: horns 2, retaliatory headbutt
a: Renounce Religion, Heroism, Finesse, Duel


You were on level 5 of the Lair of Beasts.
You worshipped Okawaru.
Okawaru was extremely pleased with you.
You visited 3 branches of the dungeon, and saw 18 of its levels.
You also visited: Sewer, Ossuary, Gauntlet and Volcano.

You collected 1182 gold pieces.

Inventory:

Hand Weapons
 a - a +3 scimitar of flaming (weapon)
 o - the +1 trident "Weawent" {drain, rF++ Int-5}
   (Okawaru gifted it to you in a Gauntlet)

   A truly terrible weapon, it drains the life of any living foe it strikes.
   Int:       It affects your intelligence (-5).
   rF:        It greatly protects you from fire.
 u - a +0 demon whip
 x - the +7 great mace "Firestarter" {inner flame, rF++}
   (You took it off a deep elf pyromancer on level 10 of the Dungeon)

   It burns those it strikes, dealing additional fire damage.
   It fills those it strikes with an explosive inner flame.
   It grants immunity to clouds of flame.
   rF:        It greatly protects you from fire.
 G - a +2 long sword of holy wrath
Armour
 c - a +0 kite shield (worn)
 t - a +2 pair of boots (worn)
 E - a +2 plate armour of cold resistance (worn)
 F - the +1 plate armour "Setuibrun" {Fly rF+++ Str-2 Dex-5}
   (You took it off a minotaur in a Gauntlet)

   Str:       It affects your strength (-2).
   Dex:       It affects your dexterity (-5).
   rF:        It renders you almost immune to fire.
   Fly:       It grants you flight.
 Q - a +2 hat (worn)
 T - a +2 chain mail of fire resistance
Jewellery
 m - an amulet of faith
 n - a ring of protection from cold (right hand)
 q - the ring "Tirruo" {rElec EV+4 Int-2 Stlth+}
   (You found it in a Gauntlet)

   [ring of evasion]

   EV:        It affects your evasion (+4).
   Int:       It affects your intelligence (-2).
   rElec:     It insulates you from electricity.
   Stlth:     It makes you more stealthy.
 w - a ring of see invisible
 y - a +6 ring of intelligence
 z - a +4 ring of evasion
 B - a ring of protection from cold
 C - a +6 ring of dexterity (left hand)
 H - the ring "Efoib" {rN+ Int+6 Dex+2}
   (You found it in a Gauntlet)

   [ring of positive energy]

   Int:       It affects your intelligence (+6).
   Dex:       It affects your dexterity (+2).
   rN:        It protects you from negative energy.
 L - an amulet of regeneration (around neck)
 P - a ring of protection from cold
 S - a ring of willpower
Wands
 D - a wand of paralysis (10)
Scrolls
 e - a scroll of immolation
 f - 4 scrolls of identify
 g - a scroll of enchant armour
 i - a scroll of magic mapping
 k - a scroll of silence
 v - 4 scrolls of teleportation
 I - 2 scrolls of fear
 M - 2 scrolls of noise
 R - a scroll of summoning {unknown}
Potions
 b - a potion of berserk rage
 d - 6 potions of might
 h - 5 potions of flight
 l - 2 potions of heal wounds
 p - a potion of brilliance
 r - 11 potions of curing
 A - 3 potions of haste
 J - 2 potions of resistance
 U - a potion of experience
 V - a potion of ambrosia {unknown}
Miscellaneous
 s - a phantom mirror


   Skills:
 + Level 11.8 Fighting
 + Level 14.2 Long Blades
 + Level 11.1 Maces & Flails
 + Level 14.8 Armour
 + Level 3.7 Dodging
 + Level 3.0 Stealth
 + Level 10.6 Shields
 + Level 1.7 Invocations
 + Level 1.4 Evocations


You had 12 spell levels left.
You didn't know any spells.
Your spell library contained the following spells:

 Spells                   Type           Power      Damage    Failure   Level
 Apportation              Tloc           0%         N/A       100%        1
 Magic Dart               Conj           0%         1d3       100%        1
 Pain                     Necr           0%         1d4       100%        1
 Conjure Flame            Conj/Fire      0%         6-21      100%        3
 Ignite Poison            Fire/Tmut/Pois 0%         N/A       100%        3
 Mephitic Cloud           Conj/Pois/Air  0%         N/A       100%        3
 Vampiric Draining        Necr           0%         2d6       100%        3
 Sticky Flame             Conj/Fire      0%         2d3       100%        4
 Fireball                 Conj/Fire      0%         3d3       100%        5
 Starburst                Conj/Fire      0%         6d3       100%        6
 Storm Form               Tmut/Air       0%         N/A       100%        7
 Ignition                 Fire           0%         3d3       100%        8
 Maxwell's Capacitive Co  Air            0%         ∞         100%        8
 Animate Skeleton         Necr           Unusable   N/A       N/A         1
 Summon Small Mammal      Summ           Unusable   N/A       N/A         1
 Call Imp                 Summ           Unusable   N/A       N/A         2
 Call Canine Familiar     Summ           Unusable   N/A       N/A         3
 Summon Guardian Golem    Hex/Summ       Unusable   N/A       N/A         3
 Summon Lightning Spire   Summ/Air       Unusable   N/A       N/A         4

Dungeon Overview and Level Annotations

Branches:
Dungeon (12/15)            Temple (1/1) D:7            Lair (5/6) D:8
 Shoals (0/4) Lair:2        Snake (0/4) Lair:2        Slime (0/5) Lair:5
    Orc (0/2) D:9           Sewer (visited)         Ossuary (visited)
Volcano (visited)         Gauntlet (visited)

Altars:
Hepliaklqana
Kikubaaqudgha
Nemelex Xobeh
Okawaru
Qazlal
Ru
Uskayaw
Vehumet
Wu Jian

Shops:
D:4 *

Annotations:
D:12 2 runed translucent doors
Lair:3 Casa


Innate Abilities, Weirdness & Mutations

You have a pair of horns on your head.
You reflexively headbutt those who attack you in melee.


Message History

As you read the scroll of blinking, it crumbles to dust.
The blink frog blinks!
Found 27 stones.
A polar bear comes into view.
The blink frog blinks! x2
You closely miss the wolf.
You feel yourself speed up. You block the wolf's attack.
The wyvern hisses menacingly.
You block the wolf's attack.
The dream sheep shake their wool and sparkle.
You feel drowsy...
You fall asleep.
Being near the torpor snail leaves you feeling lethargic.
The blink frog blinks!
The wolf bites you!!
You wake up.
* * * LOW HITPOINT WARNING * * *
The blink frog blinks!
You block the wolf's attack. The wolf bites you but does no damage.
You closely miss the wolf. Your headbutt misses the wolf.
The blink frog blinks!
You block the wolf's attack. The wolf barely misses you.
The blink frog blinks! x2; The wolf bites you.
* * * LOW HITPOINT WARNING * * *
The wolf bites you but does no damage.
You closely miss the wolf. The wolf closely misses you.
You block the wolf's attack.
The blink frog blinks! x2; The wolf bites you.
* * * LOW HITPOINT WARNING * * *
Unknown command.
Unknown command.
You slash the wolf! You burn the wolf.
The wolf is heavily wounded.
You block the wolf's attack. The wolf bites you.
* * * LOW HITPOINT WARNING * * *
You block the wolf's attack. The wolf bites you but does no damage.
Unknown command.
You miss the wolf.
The wolf is heavily wounded.
The wolf bites you.
* * * LOW HITPOINT WARNING * * *
You block the wolf's attack. The wolf bites you but does no damage.
The wolf bites you.
You die...

,,,*,,,,,,,,,,,,,,,,,,,,,,,,,,*,,
,,,,,,,,,,..........(...**,*,**,,
,,,,,,,,................,,,,,,*,,
,,,,,,,,...............#,,,,,,,*,
,,*,,**,.P.............#,*,,,,,*,
,**,****#..............#,,,⌠,*,*,
,***,*,*.#............,*,*,,,,,*,
,***,,,,.......#.h.#.#,*,,,,,,,*,
,,**,,,,.#.....#@Ph.#****,,,,,**,
,,,,,,,*#...FYhh#h...# *,*+**,,,
,,**,..,##..Fll#.l#..#***,,,,,***
,**,,..###...Yw..##.⌠.#,,**,,,,**
,,*,*...P#......##..,...,,,,,,,*,
,,,*,,#P.PP....#..⌠F>,.+,,,⌠,,,+,
,,**,.#P.P....l......,,#,,,,,,,,,
,,,,.........FF..##.⌠,**,*,,,*,**
,,,,........§S.....#.**,,,,,,,***


You could see a torpor snail, a polar bear, 2 komodo dragons, 2 blink frogs, a
wyvern, 4 wolves and 2 dream sheep.

Vanquished Creatures
  A balrug (Gauntlet)
  A stone giant (Volcano)
  A minotaur (Gauntlet)
  5 hydras
  A two-headed ogre (D:10)
  Urug (Lair:4)
  A fire crab (Gauntlet)
  4 skeletal warriors
  Pikel (D:9)
  A deep elf pyromancer (D:10)
  A cyclops (D:11)
  2 manticores
  5 elephants
  3 merfolk sirens (Lair:2)
  2 molten gargoyles (Volcano)
  A torpor snail (Lair:4)
  2 smoke demons
  2 gargoyles
  8 cane toads
  A rime drake (Lair:2)
  An efreet (Volcano)
  3 komodo dragons
  A troll (D:12)
  A merfolk (Lair:2)
  A wolf spider simulacrum (Gauntlet)
  Grinder (D:3)
  3 slime creatures
  7 blink frogs
  Sigmund (D:5)
  A centaur simulacrum (Gauntlet)
  A vampire (D:11)
  24 yaks
  5 wyverns
  6 fire elementals
  8 fire bats
  3 steam dragons
  3 basilisks
  A redback simulacrum (Gauntlet)
  2 nagas (Lair:2)
  An acid dragon (D:10)
  A hydra simulacrum (Gauntlet)
  3 water moccasins
  2 hell hounds (Gauntlet)
  5 black bears
  An ice beast (Temple)
  6 orc warriors
  3 necrophages
  A swamp drake (D:9)
  5 centaurs
  2 ogres
  5 wolves (Lair:3)
  3 kobold brigands
  A phantom (D:4)
  12 bullfrogs
  3 gnoll sergeants
  3 scorpions
  An earth elemental (Volcano)
  A wyvern zombie (D:8)
  5 killer bees (D:8)
  An electric eel (Lair:4)
  4 lava snakes (Volcano)
  5 centaur zombies
  2 hounds (D:5)
  A human zombie (Ossuary)
  A jelly (D:8)
  3 centaur skeletons
  A gnoll shaman (D:8)
  4 orc priests
  A bullfrog skeleton (D:4)
  3 iguanas
  12 orc wizards
  2 mummies (Ossuary)
  3 howler monkey zombies
  16 gnolls
  7 adders
  A river rat (Sewer)
  2 shadow imps
  3 white imps
  4 adder zombies
  2 adder skeletons
  2 worms
  A dart slug (D:3)
  42 orcs
  5 ball pythons
  8 endoplasms
  9 giant cockroaches
  5 goblins
  5 hobgoblins
  14 jackals
  6 quokkas
  3 bats
  A frilled lizard (D:3)
  6 goblin zombies
  12 hobgoblin zombies (Ossuary)
  12 kobolds
  8 kobold zombies (Ossuary)
  8 orc zombies (Ossuary)
  10 rats
  A rat zombie (D:8)
417 creatures vanquished.

Vanquished Creatures (others)
  3 orcs (D:9)
  32 fungi
  23 plants
  5 withered plants (Gauntlet)
63 creatures vanquished.

Grand Total: 480 creatures vanquished

Notes
Turn   | Place    | Note
-------+----------+-------------------------------------------
     0 | D:1      | Peloso the Minotaur Fighter began the quest for the Orb.
     0 | D:1      | Reached XP level 1. HP: 19/19 MP: 0/0
   192 | D:1      | Reached XP level 2. HP: 25/27 MP: 1/1
   436 | D:1      | Found a faded altar of an unknown god.
   711 | D:2      | Reached XP level 3. HP: 33/33 MP: 2/2
  1763 | D:3      | Identified the +6 trident "Tyusaolu" {pain, *Noise rF+ rN+
                  | Dex+4}
  1796 | D:3      | Reached XP level 4. HP: 40/40 MP: 3/3
  1997 | D:3      | Found the +6 shillelagh "Devastator" {shatter}
  2297 | D:3      | Noticed an orc warrior
  2314 | D:3      | Killed an orc warrior
  2315 | D:3      | Reached XP level 5. HP: 38/47 MP: 4/4
  2323 | D:3      | Reached skill level 5 in Long Blades
  2572 | D:3      | Noticed Grinder
  2595 | D:3      | Killed Grinder
  2596 | D:3      | Reached skill level 5 in Fighting
  2596 | D:3      | Reached skill level 5 in Armour
  2596 | D:3      | Reached skill level 1 in Dodging
  2596 | D:3      | Reached XP level 6. HP: 56/56 MP: 5/5
  2825 | D:4      | Found a stormy altar of Qazlal.
  3079 | D:4      | Reached XP level 7. HP: 29/61 MP: 6/6
  3291 | D:4      | Found Xuluc's General Store.
  3349 | D:4      | Reached skill level 5 in Shields
  3901 | D:5      | Entered Level 5 of the Dungeon
  3993 | D:5      | Noticed Sigmund
  4015 | D:5      | Killed Sigmund
  4016 | D:5      | Reached XP level 8. HP: 55/70 MP: 7/7
  4796 | D:6      | Found a glowing drain.
  4824 | Sewer    | Entered a sewer
  5175 | Sewer    | Found a white marble altar of Elyvilon.
  5769 | D:6      | Found a sacrificial altar of Ru.
  6406 | D:7      | Found a staircase to the Ecumenical Temple.
  6430 | Temple   | Entered the Ecumenical Temple
  6516 | Temple   | Became a worshipper of Warmaster Okawaru
  6581 | D:7      | Reached XP level 9. HP: 60/78 MP: 8/8
  6739 | D:7      | Reached skill level 1 in Stealth
  6742 | D:7      | Reached skill level 1 in Evocations
  7222 | D:7      | Found an ornate altar of the Wu Jian Council.
  7251 | D:7      | Reached skill level 10 in Long Blades
  7300 | D:7      | Found a hide-covered altar of Uskayaw.
  7301 | D:7      | Found a radiant altar of Vehumet.
  7303 | D:7      | Found a sparkling altar of Nemelex Xobeh.
  7523 | D:8      | Found a staircase to the Lair.
  7523 | D:8      | Noticed an elephant
  7535 | D:8      | Reached * piety under Okawaru
  7554 | D:8      | Killed an elephant
  7643 | D:8      | Found a sand-covered staircase.
  7651 | Ossuary  | Entered an ossuary
  7867 | Ossuary  | Reached ** piety under Okawaru
  8357 | D:8      | Reached XP level 10. HP: 33/86 MP: 9/9
  8793 | D:8      | Noticed a manticore
  8805 | D:8      | Killed a manticore
  9200 | D:8      | Found a hazy altar of Hepliaklqana.
  9596 | D:8      | Reached *** piety under Okawaru
 10125 | D:9      | Noticed Pikel
 10149 | D:9      | Killed Pikel
 10414 | D:9      | Reached skill level 10 in Armour
 10687 | D:9      | Found a staircase to the Orcish Mines.
 11213 | D:9      | Identified the +8 hand crossbow of Beogh's Pride {freeze,
                  | rC- Str+3 Dex+3 SInv}
 11455 | D:10     | Entered Level 10 of the Dungeon
 11618 | D:10     | Noticed a two-headed ogre
 11629 | D:10     | Killed a two-headed ogre
 11629 | D:10     | Reached **** piety under Okawaru
 11938 | D:10     | Noticed a smoke demon
 11946 | D:10     | Reached XP level 11. HP: 95/95 MP: 10/10
 11954 | D:10     | Noticed a deep elf pyromancer
 12535 | D:10     | Killed a deep elf pyromancer
 12544 | D:10     | Reached ***** piety under Okawaru
 13495 | Lair:1   | Entered Level 1 of the Lair of Beasts
 13647 | Lair:1   | You fall into a shaft and drop 1 floor!
 13838 | Lair:1   | Identified the +0 scale mail of Least Resistance {-Tele
                  | Dex+6} (Okawaru gifted it to you on level 1 of the Lair of
                  | Beasts)
 13838 | Lair:1   | Received a gift from Okawaru
 13893 | Lair:1   | Noticed an eight-headed hydra
 13960 | Lair:1   | Killed an eight-headed hydra
 13989 | Lair:1   | Reached skill level 1 in Maces & Flails
 14000 | Lair:1   | Noticed an eight-headed hydra
 14005 | Lair:1   | Killed an eight-headed hydra
 14029 | Lair:1   | Noticed a six-headed hydra
 14035 | Lair:1   | Killed a six-headed hydra
 14886 | Lair:2   | Reached skill level 10 in Fighting
 14886 | Lair:2   | Reached XP level 12. HP: 95/106 MP: 11/11
 14916 | Lair:2   | Found a staircase to the Snake Pit.
 14999 | Lair:2   | Noticed an eight-headed hydra
 15002 | Lair:2   | Reached skill level 5 in Maces & Flails
 15003 | Lair:2   | Killed an eight-headed hydra
 15120 | Lair:2   | Found a staircase to the Shoals.
 15581 | Lair:3   | Received a gift from Okawaru
 16256 | Lair:4   | Received a gift from Okawaru
 16291 | Lair:4   | Found a dark tunnel.
 16297 | Volcano  | Entered a volcano
 16568 | Volcano  | Found a bloodstained altar of Trog.
 16617 | Volcano  | Noticed a stone giant
 16632 | Volcano  | HP: 2/108 [stone giant (21)]
 16649 | Volcano  | Killed a stone giant
 17321 | Lair:4   | Reached skill level 10 in Maces & Flails
 17322 | Lair:4   | Reached skill level 1 in Invocations
 17330 | Lair:4   | Reached XP level 13. HP: 76/116 MP: 12/12
 17506 | Lair:4   | Noticed Urug
 17513 | Lair:4   | Killed Urug
 17587 | Lair:4   | Received a gift from Okawaru
 19166 | D:11     | Reached skill level 10 in Shields
 19438 | D:12     | Found a runed translucent door.
 19440 | D:12     | Found a runed translucent door.
 19935 | Lair:5   | Found a gate leading to a gauntlet.
 19951 | Gauntlet | Entered a Gauntlet
 19951 | Gauntlet | Found a transporter.
 19951 | Gauntlet | Found a transporter.
 19951 | Gauntlet | Found a transporter.
 19955 | Gauntlet | Found a transporter.
 19969 | Gauntlet | Found a transporter.
 19973 | Gauntlet | Found a transporter.
 19981 | Gauntlet | Noticed a balrug
 19993 | Gauntlet | Found a transporter.
 20073 | Gauntlet | Found a transporter.
 20077 | Gauntlet | Found a transporter.
 20087 | Gauntlet | Found a transporter.
 20091 | Gauntlet | Found a transporter.
 20107 | Gauntlet | Found a transporter.
 20135 | Gauntlet | Noticed a bunyip
 20135 | Gauntlet | a tyrant leech changed into a bunyip
 20147 | Gauntlet | a bunyip changed into a boulder beetle
 20200 | Gauntlet | Identified the +1 trident "Weawent" {drain, rF++ Int-5}
                  | (Okawaru gifted it to you in a Gauntlet)
 20200 | Gauntlet | Received a gift from Okawaru
 20243 | Gauntlet | Identified the ring "Tirruo" {rElec EV+4 Int-2 Stlth+}
 20268 | Gauntlet | Killed a balrug
 20656 | Gauntlet | Identified the +1 plate armour "Setuibrun" {Fly rF+++ Str-2
                  | Dex-5}
 20656 | Gauntlet | Noticed a minotaur
 20666 | Gauntlet | Killed a minotaur
 20674 | Gauntlet | Identified the +1 chain mail of the Gloaming {Harm}
 20674 | Gauntlet | Identified the ring "Efoib" {rN+ Int+6 Dex+2}
 20685 | Lair:5   | HP: 5/117 [wolf (5)]
 20686 | Lair:5   | Slain by a wolf

Illustrated notes

Levels and vault maps discovered:
D:1:      dpeg_arrival_shelter, layout_basic,
          shapermc_ecumenical_altar_mp_highgroup
D:2:      layout_loops_cross, skrybe_limestone_x
D:3:      layout_rooms, hex_medium, minmay_divided_ellipse, uniq_grinder
D:4:      layout_rooms, mainiacjoe_overflow_chevrons, serial_shops, shop,
          minmay_puff
D:5:      layout_gridville, uniq_sigmund
D:6:      layout_basic, hangedman_ru_absence, gup_sewer_entry_pipe
D:7:      layout_basic, minitemple, minmay_temple_entry_arrows, st_stairs_12
D:8:      minmay_angry_zag, layout_loops_corners,
          worldfamousw_hep_ancestral_shrine, david_lair_generic,
          enter_ossuary_4, chequers_serial_rivers_large_a, amethyst_killhole,
          minmay_starry_boxes
D:9:      layout_loops_ring, erik_orc_1, uniq_pikel
D:10:     minmay_firetagon, layout_irregular_city, minmay_misc_feat_x,
          chequers_serial_rivers_small_b
D:11:     layout_roguey, nicolae_lava_and_water, hangedman_abyss_or_decor_stabs,
          minmay_variable_closet
D:12:     lemuel_insect_pit, layout_long_grid
Temple:   regret_index_temple_generic_petals
Lair:1:   layout_long_grid, beast_lair_carwin_2, grunt_megastairs_4,
          infiniplex_staircase_pool_2, serial_bayou_shore_a, lemuel_fruit_tree
Lair:2:   layout_regular_city, elwin_shoals_entry_stream,
          guppyfry_snake_entry_island
Lair:3:   layout_gridlike
Lair:4:   layout_gridlike, nicolae_volcano_entry_hallway, st_stairs_12,
          grunt_megastairs_2, uniq_urug
Lair:5:   layout_regular_city, minmay_slime_entry_oklob_open,
          gauntlet_entry_generic, st_stairs_9, serial_bayou_lagoon_a,
          disabler_island, grunt_megastairs_1, lemuel_fruit_fields,
          serial_bayou_shore_b

Skill      XL: |  1  2  3  4  5  6  7  8  9 10 11 12 13 |
---------------+----------------------------------------+-----
Armour         | 4 5 6 7 9 10 12 14 | 14.8
Shields        | 4 5 6 8 9 10 | 10.6
Long Blades    | 3 4 5 6 7 9 11 12 13 14 | 14.2
Fighting       | 4 5 6 7 8 10 11 | 11.8
Dodging        | 1 2 3 |  3.7
Stealth        | 2 3 |  3.0
Evocations     | 1 |  1.4
Maces & Flails | 4 10 11 | 11.1
Invocations    | 1 |  1.7

Action                   |  1- 3 |  4- 6 |  7- 9 | 10-12 | 13-15 || total
-------------------------+-------+-------+-------+-------+-------++-------
Melee: Long sword        |    89 |   111 |   412 |   352 |       ||   964
       Headbutt          |     5 |    24 |    88 |   127 |    51 ||   295
       Great mace        |       |       |       |   166 |    65 ||   231
       Scimitar          |       |       |       |       |   136 ||   136
Throw: Throwing net      |       |       |       |     1 |       ||     1
Invok: Heroism           |       |       |       |    10 |     9 ||    19
Evoke: Wand              |       |     6 |     2 |     3 |       ||    11
  Use: Scroll            |       |       |    11 |     6 |    11 ||    28
       Potion            |       |       |     1 |     7 |       ||     8
 Stab: Paralysed         |       |       |     5 |       |       ||     5
Armor: Scale mail        |    40 |       |       |       |       ||    40
       Chain mail        |     8 |    62 |   120 |       |    29 ||   219
       Plate armour      |       |       |    95 |   378 |    80 ||   553
Dodge: Dodged            |    39 |    38 |   153 |   213 |    85 ||   528
Block: Buckler           |    16 |    26 |    98 |    31 |       ||   171
       Kite shield       |       |       |       |   145 |   108 ||   253
